[Event "Titled Tuesday Blitz September 28 2021"]
[White "Ozates, Tuna"]
[Black "Rustemov, Alexander"]
[WhiteFideId "6354521"]
[BlackFideId "4119002"]
[WhiteElo "1872"]
[BlackElo "2747"]
[Result "0-1"]
[Round "07"]
[TimeControl "180+1"]
[Date "2021.09.28"]
[WhiteClock "0:00:17"]
[BlackClock "0:00:40"]

1. e4 e6 2. d4 d5 3. exd5 exd5 4. Bd3 Nc6 5. c3 Bd6 6. Qf3 Nge7 7. Bf4 Be6 8. Ne2 Qd7 9. Bxd6 Qxd6 10. Nf4 O-O-O 11. O-O Bf5 12. Na3 Bxd3 13. Nxd3 Qg6 14. Rfe1 Rhe8 15. Ne5 Nxe5 16. Rxe5 f6 17. Re6 Nc6 18. Rae1 Rxe6 19. Rxe6 Qf7 20. Qf5 Qd7 21. Qh3 h6 22. Nc2 b6 23. Rxc6 Qxh3 24. gxh3 Kd7 25. Nb4 a5 26. c4 axb4 27. cxd5 Ra8 28. Rc4 Rxa2 29. Rxb4 Ra5 30. Kg2 Rxd5 31. Kf3 Rf5+ 32. Kg3 h5 33. Rc4 g5 34. Rc2 h4+ 35. Kg4 Rf4+ 36. Kh5 Rxd4 37. Kg6 Rf4 38. Rd2+ Kc6 39. Rc2+ Kb7 40. Re2 c5 41. Re7+ Ka6 42. Re2 Kb5 43. Kf7 c4 44. Ke6 Kc5 45. Rd2 b5 46. Re2 b4 47. Rd2 c3 48. bxc3 bxc3 49. Rc2 Kc4 50. Re2 Kd3 51. Re3+ Kd2 0-1


[Site "https://www.chess.com"]

[Event "Titled Tuesday Blitz September 28 2021"]
[White "Pakleza, Zbigniew"]
[Black "Godzwon, Iwo"]
[WhiteFideId "1119290"]
[BlackFideId "21802483"]
[WhiteElo "2526"]
[BlackElo "2201"]
[Result "1-0"]
[Round "07"]
[TimeControl "180+1"]
[Date "2021.09.28"]
[WhiteClock "0:01:22"]
[BlackClock "0:01:59"]

1. Nf3 c5 2. c4 Nc6 3. Nc3 g6 4. e3 Nf6 5. d4 cxd4 6. exd4 d5 7. Bg5 Ne4 8. Be3 Nxc3 9. bxc3 Bg7 10. Be2 O-O 11. O-O dxc4 12. Bxc4 Na5 13. Bb3 b6 14. Rc1 Ba6 15. Re1 e6 16. c4 Rc8 17. c5 bxc5 18. dxc5 Qc7 19. Qd6 Rfd8 20. Qxa6 1-0


[Site "https://www.chess.com"]

[Event "Titled Tuesday Blitz September 28 2021"]
[White "Paltrinieri, Nicholas"]
[Black "Bologan, Victor"]
[WhiteFideId "828262"]
[BlackFideId "13900048"]
[WhiteElo "2254"]
[BlackElo "2511"]
[Result "0-1"]
[Round "07"]
[TimeControl "180+1"]
[Date "2021.09.28"]
[WhiteClock "0:00:11"]
[BlackClock "0:00:49"]

1. d4 Nf6 2. Bg5 e6 3. e4 c5 4. d5 h6 5. Bxf6 Qxf6 6. Nc3 a6 7. Nf3 e5 8. a4 d6 9. Be2 Be7 10. Nd2 O-O 11. Nc4 Nd7 12. a5 Bd8 13. O-O Bc7 14. Na4 Qd8 15. Qd2 Nf6 16. Nab6 Bxb6 17. Nxb6 Rb8 18. f3 Nh5 19. b4 cxb4 20. Qxb4 Nf4 21. Rf2 f5 22. Bf1 fxe4 23. fxe4 Bg4 24. c4 Qg5 25. Kh1 Nh3 26. gxh3 Rxf2 27. hxg4 Qxg4 28. Qxd6 Rbf8 29. Qe6+ Qxe6 30. dxe6 Rxf1+ 31. Rxf1 Rxf1+ 32. Kg2 Rf6 33. e7 Kf7 34. c5 Rc6 0-1


[Site "https://www.chess.com"]

[Event "Titled Tuesday Blitz September 28 2021"]
[White "Pasti, Aron"]
[Black "Riehle, Marco"]
[WhiteFideId "785857"]
[BlackFideId "12904392"]
[WhiteElo "2080"]
[BlackElo "2462"]
[Result "1/2-1/2"]
[Round "07"]
[TimeControl "180+1"]
[Date "2021.09.28"]
[WhiteClock "0:00:05"]
[BlackClock "0:01:41"]

1. e4 e5 2. Nf3 Nf6 3. Nxe5 Nxe4 4. Qe2 Qe7 5. Qxe4 d6 6. d4 dxe5 7. Qxe5 Qxe5+ 8. dxe5 Bf5 9. Bd3 Bxd3 10. cxd3 Nc6 11. Bf4 Nb4 12. Ke2 Nc2 13. Nc3 Nxa1 14. Rxa1 O-O-O 15. Be3 b6 16. Rc1 Kb7 17. f4 Be7 18. d4 g5 19. fxg5 Rhg8 20. h4 h6 21. Rf1 Rdf8 22. Nd5 Bd8 23. gxh6 Rxg2+ 24. Kd3 Rh2 25. e6 Rxh4 26. Rxf7 Re8 27. e7 Bxe7 28. Rxe7 Rd8 29. Nxc7 Kc6 30. Ne6 Rg8 31. Nf4 Rg3 32. Ke4 Rxh6 33. d5+ Kb5 34. Rxa7 Rh4 35. a4+ Kb4 36. Rb7 Kxa4 37. Rxb6 Rg8 38. Re6 Kb3 39. d6 Kxb2 40. d7 Rd8 41. Re7 Rh6 42. Ke5 Kc3 43. Bd4+ Kc4 44. Ne6 Rh5+ 45. Kd6 Rd5+ 46. Kc6 Ra8 47. Re8 Ra6+ 48. Kb7 Rxe6 49. Rxe6 Rxd7+ 50. Kc8 Rxd4 51. Rc6+ Kb5 52. Rc7 Rh4 53. Kb7 Rh6 54. Rf7 Rh5 55. Ka7 Kc6 56. Rf6+ Kb5 57. Rf7 Rc5 58. Rb7+ Ka5 59. Rh7 Rb5 60. Rb7 Rxb7+ 61. Kxb7 1/2-1/2


[Site "https://www.chess.com"]

[Event "Titled Tuesday Blitz September 28 2021"]
[White "Perera Alfonso, Rene Humberto"]
[Black "Stribuk, Artiom"]
[WhiteFideId "3514722"]
[BlackFideId "13515659"]
[WhiteElo "2313"]
[BlackElo "2224"]
[Result "0-1"]
[Round "07"]
[TimeControl "180+1"]
[Date "2021.09.28"]
[WhiteClock "0:00:18"]
[BlackClock "0:00:31"]

1. e4 c5 2. Nf3 Nc6 3. d4 cxd4 4. Nxd4 Nf6 5. Nc3 e5 6. Ndb5 d6 7. Bg5 a6 8. Na3 b5 9. Bxf6 gxf6 10. Nd5 f5 11. Nxb5 axb5 12. Bxb5 Bd7 13. exf5 Bg7 14. O-O O-O 15. Bd3 Re8 16. Qh5 e4 17. Bc4 Re5 18. Ne3 Qf6 19. Rad1 Bxf5 20. Nxf5 Rxf5 21. Qe2 Re8 22. c3 Qg5 23. Rxd6 Ne5 24. Bb3 Nf3+ 25. Kh1 Qf4 26. gxf3 Qxd6 27. fxe4 Rf4 28. f3 Kh8 29. Qb5 Rg8 30. Rd1 Qh6 31. Rd5 Rh4 32. Qe2 Be5 33. Rxe5 Rxh2+ 34. Qxh2 Qc1+ 0-1


[Site "https://www.chess.com"]

[Event "Titled Tuesday Blitz September 28 2021"]
[White "Petriashvili, Nikoloz"]
[Black "Garrido Outon, Alex"]
[WhiteFideId "13611216"]
[BlackFideId "24516279"]
[WhiteElo "2430"]
[BlackElo "2131"]
[Result "1/2-1/2"]
[Round "07"]
[TimeControl "180+1"]
[Date "2021.09.28"]
[WhiteClock "0:00:09"]
[BlackClock "0:00:06"]

1. e4 c6 2. d4 g6 3. Nc3 d5 4. Bf4 Bg7 5. e5 h5 6. h3 Nh6 7. Nf3 Nd7 8. Qd2 Nb6 9. O-O-O Bf5 10. Be2 Nc4 11. Bxc4 dxc4 12. Kb1 b5 13. d5 b4 14. Na4 b3 15. Nd4 bxc2+ 16. Nxc2 Qxd5 17. Qxd5 cxd5 18. Rxd5 O-O 19. Re1 Rfd8 20. Nc3 Bd3 21. Kc1 a5 22. Ne3 Nf5 23. Nxf5 Bxf5 24. Bg5 f6 25. exf6 exf6 26. Bf4 Bd3 27. Re7 f5 28. Be5 Bxe5 29. Rdxe5 Bf1 30. R5e6 Bxg2 31. Rxg6+ Kf8 32. Rc7 Bxh3 33. Rh6 Kg8 34. Rxh5 Bg4 35. Rg5+ Kh8 36. Rgg7 Ra6 37. Rh7+ Kg8 38. Rcg7+ Kf8 39. Rc7 Kg8 40. Rhg7+ Kh8 41. a4 Rh6 42. Kb1 Rh1+ 43. Ka2 Rh2 44. Ra7 Rxf2 45. Rh7+ Kg8 46. Rag7+ Kf8 47. Ra7 Kg8 48. Rhb7 Rfd2 49. Rxa5 R2d7 50. Rb6 Rg7 51. Rf6 Rf8 52. Rxf8+ Kxf8 53. Nd5 Rd7 54. Nf4 Kf7 55. Ka3 Rd4 56. Nd5 f4 57. Ra7+ Ke6 58. Nc7+ Ke5 59. Ra8 f3 60. Rf8 Rf4 61. Re8+ Kd4 62. Ne6+ Bxe6 63. Rxe6 f2 64. Rd6+ Kc5 65. Rd8 f1=Q 66. Rc8+ Kd4 67. Rd8+ Ke3 68. Kb4 Qe1+ 69. Kc5 Qe2 70. Re8+ Kd3 71. Rxe2 Kxe2 72. a5 Kd2 73. a6 Kc2 74. a7 Rf8 75. Kxc4 Ra8 76. b4 Rxa7 77. b5 Rc7+ 78. Kb4 Kd3 79. b6 Rc1 80. Kb5 Kd4 81. b7 Rb1+ 82. Kc6 Rxb7 83. Kxb7 1/2-1/2


[Site "https://www.chess.com"]

[Event "Titled Tuesday Blitz September 28 2021"]
[White "Pichot, Alan"]
[Black "Yoo, Christopher Woojin"]
[WhiteFideId "110973"]
[BlackFideId "30909694"]
[WhiteElo "2845"]
[BlackElo "2931"]
[Result "1-0"]
[Round "07"]
[TimeControl "180+1"]
[Date "2021.09.28"]
[WhiteClock "0:00:06"]
[BlackClock "0:00:04"]

1. e4 c5 2. Nf3 e6 3. d4 cxd4 4. Nxd4 Nf6 5. Nc3 Nc6 6. Nxc6 bxc6 7. e5 Nd5 8. Ne4 Qc7 9. f4 f5 10. exf6 gxf6 11. Bd2 Qb6 12. c4 Ne3 13. Qh5+ Kd8 14. c5 Bxc5 15. Nxc5 Qxb2 16. Rc1 Nd5 17. Bd3 Qd4 18. Qf3 Rb8 19. Qe4 Qxe4+ 20. Nxe4 Nb4 21. Bxb4 Rxb4 22. Nxf6 Rxf4 23. Rf1 Rd4 24. Ke2 Ke7 25. Ne4 d5 26. Nd2 Kd6 27. Rf7 c5 28. Nb3 Rxd3 29. Kxd3 c4+ 30. Ke3 cxb3 31. axb3 Bd7 32. Ra1 Rb8 33. Ra6+ Bc6 34. Rxh7 Rxb3+ 35. Kf4 Rb4+ 36. Kg5 d4 37. Rh8 Rb5+ 38. Kf4 Rf5+ 39. Kg3 Rg5+ 40. Kh3 Rxg2 41. Rxc6+ Kxc6 42. Kxg2 e5 43. Kf3 Kd5 44. Rd8+ Kc4 45. Ke4 a5 46. Kxe5 d3 47. Ke4 1-0


[Site "https://www.chess.com"]

[Event "Titled Tuesday Blitz September 28 2021"]
[White "Potapova, Margarita"]
[Black "pawel83"]
[WhiteFideId "14126869"]
[WhiteElo "2214"]
[BlackElo "2425"]
[Result "0-1"]
[Round "07"]
[TimeControl "180+1"]
[Date "2021.09.28"]
[WhiteClock "0:00:05"]
[BlackClock "0:01:14"]

1. d4 Nf6 2. c4 g6 3. Nc3 Bg7 4. e4 d6 5. h3 O-O 6. Be3 c6 7. Bd3 a6 8. a4 a5 9. Nge2 Na6 10. Rc1 e5 11. O-O Nb4 12. Bb1 Nd7 13. f4 exd4 14. Bxd4 Bxd4+ 15. Qxd4 Qb6 16. Rcd1 Rd8 17. Kh2 Qxd4 18. Rxd4 Nc5 19. Rfd1 d5 20. cxd5 cxd5 21. Nxd5 Nxd5 22. Rxd5 Rxd5 23. Rxd5 Nxa4 24. Rd8+ Kg7 25. b3 Nc5 26. Nd4 b6 27. e5 Bb7 28. Rd6 Ra6 29. e6 fxe6 30. Nxe6+ Nxe6 31. Rxe6 Kf7 32. Rd6 Ke7 33. Rd2 Bc6 34. f5 gxf5 35. Bxf5 h6 36. g4 a4 37. bxa4 Rxa4 38. Rb2 b5 39. Bd3 b4 40. Bc2 Ra3 41. Rxb4 Ra2 42. Rc4 Bd5 43. Rc5 Kd6 44. Rc8 Be4 45. Kg3 Bxc2 46. Rh8 Ke5 47. Rxh6 Ra3+ 48. Kh4 Be4 49. Rh8 Bg2 50. Re8+ Kf6 51. Rf8+ Kg7 52. Rf2 Rxh3+ 53. Kg5 Bd5 54. Rd2 Be6 55. Rd6 Kf7 56. Rb6 Rc3 57. Rb7+ Kg8 58. Kf6 Bd5 59. g5 Bxb7 0-1


[Site "https://www.chess.com"]

[Event "Titled Tuesday Blitz September 28 2021"]
[White "Pridorozhni, Aleksei"]
[Black "Ibrahimli, Murad"]
[WhiteFideId "4127870"]
[BlackFideId "13410229"]
[WhiteElo "2840"]
[BlackElo "2931"]
[Result "0-1"]
[Round "07"]
[TimeControl "180+1"]
[Date "2021.09.28"]
[WhiteClock "0:00:11"]
[BlackClock "0:00:29"]

1. e4 c5 2. Nc3 Nc6 3. Bb5 Nd4 4. Nf3 e6 5. O-O Nxf3+ 6. Qxf3 Ne7 7. d3 a6 8. Ba4 b5 9. Bb3 Nc6 10. Qg3 Qf6 11. Be3 Qg6 12. a4 Qxg3 13. hxg3 b4 14. Ne2 Na5 15. Ba2 Bb7 16. f3 Rc8 17. Rad1 Bc6 18. Ra1 Bd6 19. Kf2 f6 20. Bf4 Be7 21. Bc4 Nxc4 22. dxc4 g5 23. Be3 d6 24. g4 h5 25. gxh5 Rxh5 26. b3 Kf7 27. Rh1 Rch8 28. Rxh5 Rxh5 29. Rd1 Rh7 30. Nc1 g4 31. Rd2 gxf3 32. gxf3 f5 33. exf5 exf5 34. Nd3 Rh3 35. Bf4 Rxf3+ 36. Ke2 Be4 37. Rd1 Rh3 38. Rg1 Rh4 39. Ke3 Bf6 40. Bg3 Bd4+ 41. Ke2 Rg4 42. Nf2 Bxf2 43. Kxf2 f4 44. Bh2 Rxg1 45. Kxg1 Bxc2 46. Bxf4 Ke6 47. a5 Bxb3 48. Kf2 Bxc4 49. Ke3 Kd5 50. Bg3 Kc6 51. Bf4 d5 52. Kd2 d4 53. Bh6 Kb5 54. Bf8 Bd5 55. Kc2 c4 56. Bg7 d3+ 57. Kd2 Kxa5 58. Bd4 Ka4 0-1


[Site "https://www.chess.com"]

[Event "Titled Tuesday Blitz September 28 2021"]
[White "Przybylski, Wojciech"]
[Black "Maze, Sebastien"]
[WhiteFideId "1117599"]
[BlackFideId "613762"]
[WhiteElo "2285"]
[BlackElo "2462"]
[Result "1/2-1/2"]
[Round "07"]
[TimeControl "180+1"]
[Date "2021.09.28"]
[WhiteClock "0:00:10"]
[BlackClock "0:00:35"]

1. e4 c5 2. Nf3 Nc6 3. Bb5 g6 4. O-O Bg7 5. Re1 e5 6. Nc3 Nge7 7. Nd5 O-O 8. c3 a6 9. Bf1 d6 10. d3 h6 11. d4 cxd4 12. cxd4 exd4 13. h3 Nxd5 14. exd5 Ne5 15. Nxd4 Qh4 16. Be3 Nd7 17. Rc1 Nf6 18. Rc4 Nxd5 19. Ne6 Nxe3 20. Rxe3 Qf6 21. Nxf8 Bxf8 22. Re8 Bg4 23. Rxf8+ Rxf8 24. Rxg4 Qxb2 25. Qxd6 Kg7 26. Qd4+ Qxd4 27. Rxd4 Rc8 28. Rd7 b5 29. Ra7 Rc6 30. a4 bxa4 31. Rxa6 Rxa6 32. Bxa6 f5 33. Kf1 Kf6 34. Ke2 Ke5 35. Kd3 g5 36. Bc4 h5 37. Ke3 h4 38. Kd3 a3 39. Ke3 g4 40. Ba2 f4+ 41. Ke2 f3+ 42. Kf1 gxh3 43. gxh3 Kd4 44. Ke1 Kc3 45. Be6 Kc2 46. Bd5 Kc1 47. Bb3 Kb2 48. Bf7 Kc2 49. Be6 Kc1 50. Bd5 Kc2 51. Ba2 Kb2 52. Be6 Kc2 53. Bg8 Kc1 54. Kf1 Kd2 55. Bd5 Kc1 56. Ke1 Kc2 57. Be6 Kc1 58. Bf7 Kc2 59. Bg6+ Kc1 60. Bf7 Kc2 1/2-1/2


[Site "https://www.chess.com"]

[Event "Titled Tuesday Blitz September 28 2021"]
[White "Quispe Arteaga, Gabriel"]
[Black "Sellitti, Federico"]
[WhiteFideId "32059809"]
[BlackFideId "821829"]
[WhiteElo "2192"]
[BlackElo "2561"]
[Result "1/2-1/2"]
[Round "07"]
[TimeControl "180+1"]
[Date "2021.09.28"]
[WhiteClock "0:00:54"]
[BlackClock "0:00:07"]

1. c4 c5 2. Nf3 Nf6 3. d4 cxd4 4. Nxd4 Nc6 5. g3 g6 6. Bg2 Bg7 7. O-O O-O 8. e3 d5 9. c5 e5 10. Nxc6 bxc6 11. Nc3 Bg4 12. Qa4 Qd7 13. b4 e4 14. Bb2 h5 15. b5 cxb5 16. Qxb5 Qxb5 17. Nxb5 Rab8 18. Bxf6 Bxf6 19. Nd4 Rfc8 20. Rac1 Bxd4 21. exd4 Rb4 22. f3 exf3 23. Bxf3 Bxf3 24. Rxf3 Rxd4 25. Rfc3 Rc7 26. R1c2 Kg7 27. Kf2 Kf6 28. Rf3+ Ke5 29. Ke3 Rc4 30. Re2 Re4+ 31. Kd3 Rxe2 32. Kxe2 f5 33. Re3+ Kf6 34. Rc3 d4 35. Rc4 Ke5 36. Kd3 g5 37. c6 Kd5 38. Rxd4+ Kxc6 39. Rc4+ Kd6 40. Ra4 Ke6 41. Ra6+ Ke5 42. Ra5+ Ke6 43. Ra6+ Kf7 44. Rh6 Rd7+ 45. Ke3 Re7+ 46. Kd3 Rd7+ 47. Ke3 Re7+ 48. Kd3 Rd7+ 1/2-1/2


[Site "https://www.chess.com"]

[Event "Titled Tuesday Blitz September 28 2021"]
[White "Quparadze, Giga"]
[Black "Zubov, Alexander"]
[WhiteFideId "13602250"]
[BlackFideId "14109409"]
[WhiteElo "2948"]
[BlackElo "2980"]
[Result "1-0"]
[Round "07"]
[TimeControl "180+1"]
[Date "2021.09.28"]
[WhiteClock "0:00:47"]
[BlackClock "0:00:02"]

1. e4 e5 2. Nf3 Nc6 3. Bb5 Nf6 4. O-O Nxe4 5. d4 Nd6 6. Bxc6 dxc6 7. dxe5 Nf5 8. Qxd8+ Kxd8 9. Rd1+ Ke8 10. Nc3 b6 11. Ne2 h6 12. Ned4 Nxd4 13. Nxd4 Bd7 14. Bf4 c5 15. e6 fxe6 16. Nf3 Bc6 17. Bxc7 Bxf3 18. gxf3 Be7 19. Be5 Rf8 20. Kg2 Rf5 21. f4 g5 22. Kf3 gxf4 23. Ke4 Rd8 24. Rxd8+ Bxd8 25. Bxf4 Bg5 26. Bg3 Rd5 27. Rb1 Kf7 28. f4 Bf6 29. Be1 c4 30. a4 a6 31. Bb4 Rh5 32. Rh1 e5 33. f5 Rh4+ 34. Kd5 Rf4 35. Kc6 b5 36. a5 e4 37. Kb7 e3 38. Re1 Bd4 39. c3 Be5 40. Rxe3 Rxf5 41. Kxa6 Bxh2 42. Kb7 Bg1 43. Rh3 Rf6 44. Rh5 Kg6 45. Rxb5 h5 46. Be7 Rf5 47. Rxf5 Kxf5 48. a6 Ke4 49. Bd8 h4 50. Bxh4 1-0


[Site "https://www.chess.com"]

[Event "Titled Tuesday Blitz September 28 2021"]
[White "Rodchenkov, Vitaly"]
[Black "Gabrielian, Artur"]
[WhiteFideId "4152964"]
[BlackFideId "4131002"]
[WhiteElo "2337"]
[BlackElo "2489"]
[Result "1-0"]
[Round "07"]
[TimeControl "180+1"]
[Date "2021.09.28"]
[WhiteClock "0:00:07"]
[BlackClock "0:00:08"]

1. Nf3 Nf6 2. c4 g6 3. b4 Bg7 4. Bb2 O-O 5. g3 d6 6. Bg2 e5 7. O-O a5 8. b5 Nbd7 9. Nc3 Nc5 10. Qc2 Re8 11. d3 a4 12. a3 Nfd7 13. Nd2 Ne6 14. Nxa4 Nd4 15. Bxd4 exd4 16. Nf3 Qe7 17. Rfe1 Ne5 18. Nxe5 Bxe5 19. Nb2 h5 20. a4 Ra5 21. e3 Qd8 22. c5 dxc5 23. Nc4 Ra8 24. Nxe5 Rxe5 25. Qb2 Qe7 26. e4 b6 27. f4 Re6 28. e5 Ra5 29. Bd5 Qd8 30. Bxe6 Bxe6 31. Re2 Qd5 32. Qc2 Qa8 33. Rf2 Rxb5 34. f5 Bxf5 35. Rxf5 gxf5 36. Qe2 Rb3 37. Qxh5 Qd8 38. Qxf5 c4 39. Rf1 Qe7 40. Rf4 Rb1+ 41. Kg2 Rb2+ 42. Kg1 Rb1+ 43. Kg2 Rb2+ 44. Kg1 Qe6 45. Rg4+ Kf8 46. Qg5 Rb1+ 47. Kf2 Ke8 48. Rxd4 Rb2+ 49. Ke3 f6 50. Qg6+ Ke7 51. Qg7+ Ke8 52. Qh8+ Kf7 53. Qh7+ Ke8 54. Qg6+ Ke7 55. Qg7+ Ke8 56. Re4 f5 57. Rh4 f4+ 58. gxf4 Qe7 59. Qg8+ Kd7 60. Rh7 c3 61. Rxe7+ Kxe7 62. Qc4 c5 63. Qxc3 Rxh2 64. f5 Rh3+ 65. Ke4 Rh4+ 66. Kd5 Kd7 67. f6 Rh5 68. Qb3 Kc7 69. Qb5 Rh7 70. Qc6+ Kd8 71. e6 Rh5+ 72. Kd6 Rh7 73. e7+ Rxe7 74. fxe7# 1-0


[Site "https://www.chess.com"]

[Event "Titled Tuesday Blitz September 28 2021"]
[White "Salinas Herrera, Pablo"]
[Black "Hjartarson, Johann"]
[WhiteFideId "3407128"]
[BlackFideId "2300044"]
[WhiteElo "2541"]
[BlackElo "2502"]
[Result "1-0"]
[Round "07"]
[TimeControl "180+1"]
[Date "2021.09.28"]
[WhiteClock "0:00:07"]
[BlackClock "0:00:11"]

1. e4 c5 2. Nf3 d6 3. Nc3 Nf6 4. Bb5+ Bd7 5. Bxd7+ Nbxd7 6. d4 cxd4 7. Qxd4 e6 8. b3 a6 9. Bb2 Be7 10. O-O-O Qc7 11. Kb1 O-O 12. Rhe1 Rfc8 13. Qd2 b5 14. g4 Nxg4 15. Rg1 Nge5 16. Nd4 g6 17. f4 Nc6 18. Nf3 Nc5 19. f5 Ne5 20. Ng5 b4 21. Ne2 Bxg5 22. Qxg5 Nxe4 23. Qc1 exf5 24. Nf4 Nf6 25. h4 a5 26. h5 a4 27. hxg6 hxg6 28. Nxg6 fxg6 29. Bxe5 axb3 30. Rxg6+ Kf7 31. Rxf6+ Ke8 32. Rdxd6 bxc2+ 33. Ka1 Rxa2+ 34. Kxa2 Qa5+ 35. Kb3 Qa3+ 36. Qxa3 bxa3 37. Rde6+ Kd7 38. Rd6+ Ke7 39. Rfe6+ Kf7 40. Bf4 Rb8+ 41. Kxc2 a2 42. Rf6+ Ke7 43. Rde6+ Kd7 44. Ra6 Rc8+ 45. Kd2 Rc4 46. Be3 1-0


[Site "https://www.chess.com"]

[Event "Titled Tuesday Blitz September 28 2021"]
[White "Samsonkin, Artiom"]
[Black "Megagigahiper3345"]
[WhiteFideId "13503111"]
[WhiteElo "2513"]
[BlackElo "2524"]
[Result "0-1"]
[Round "07"]
[TimeControl "180+1"]
[Date "2021.09.28"]
[WhiteClock "0:00:14"]
[BlackClock "0:01:09"]

1. e4 e6 2. d4 d5 3. Nc3 Bb4 4. Ne2 Nf6 5. e5 Nfd7 6. Qd3 b6 7. Qg3 Kf8 8. a3 Be7 9. Nf4 c5 10. Nh5 g6 11. Bh6+ Kg8 12. dxc5 Bh4 13. Qf4 gxh5 14. g3 Be7 15. h4 Bf8 16. Bg5 Qc7 17. Bf6 h6 18. Bxh8 Kxh8 19. O-O-O Qxe5 20. Qxf7 Qf6 21. Qxh5 Nxc5 22. f4 Nc6 23. Bg2 Bd7 24. Rhe1 Be8 25. Qf3 Rc8 26. Kb1 Bg6 27. g4 Nd4 28. Rxd4 Qxd4 29. f5 exf5 30. gxf5 Bf7 31. Nxd5 Na4 32. c3 Qd2 33. Re2 Qd1+ 34. Ka2 Rxc3 0-1


[Site "https://www.chess.com"]

[Event "Titled Tuesday Blitz September 28 2021"]
[White "Seemann, Jakub"]
[Black "Erdogdu, Mert"]
[WhiteFideId "21874697"]
[BlackFideId "6301495"]
[WhiteElo "1849"]
[BlackElo "2485"]
[Result "1/2-1/2"]
[Round "07"]
[TimeControl "180+1"]
[Date "2021.09.28"]
[WhiteClock "0:00:06"]
[BlackClock "0:00:05"]

1. Nf3 d5 2. b3 Nf6 3. Bb2 c5 4. e3 Nc6 5. Be2 Bf5 6. O-O e6 7. c4 d4 8. d3 Be7 9. exd4 cxd4 10. Nh4 Bg6 11. Nxg6 hxg6 12. Nd2 Qc7 13. h3 g5 14. a3 a5 15. Bf3 Qf4 16. Bc1 Bd6 17. Bxc6+ bxc6 18. Nf3 Qf5 19. Bxg5 c5 20. Qe2 Rb8 21. Rab1 Kf8 22. Bxf6 gxf6 23. Qe4 Qh5 24. Qc6 Bf4 25. b4 axb4 26. axb4 cxb4 27. Ra1 Rg8 28. Kh1 b3 29. Ra7 Kg7 30. Nxd4 Kh8 31. Qf3 Qxf3 32. Nxf3 b2 33. Rb1 Bc1 34. Nd4 Rbd8 35. Ne2 Rxd3 36. Kh2 Rd1 37. g3 Re1 38. Nc3 f5 39. Rxf7 f4 40. g4 f3 41. Rxf3 Rd8 42. Na4 Rd4 43. Kg2 Rxc4 44. Nc3 Kg7 45. Rd3 Bd2 46. Na2 Rcc1 47. Rxb2 Rg1+ 48. Kf3 Bg5 49. Rd7+ Kg6 50. Rbb7 Ra1 51. Rg7+ Kf6 52. Rbf7+ Ke5 53. Rxg5+ Kd6 54. Nc3 Ra3 55. Ke4 Rxc3 56. f4 Rxh3 57. Rgg7 Re1+ 58. Kd4 Rd1+ 59. Kc4 Rc1+ 60. Kd4 Rd1+ 61. Kc4 Rc1+ 62. Kb4 Rb1+ 63. Kc4 Rc1+ 1/2-1/2


[Site "https://www.chess.com"]

[Event "Titled Tuesday Blitz September 28 2021"]
[White "Sevian, Samuel"]
[Black "Costachi, Mihnea"]
[WhiteFideId "2040506"]
[BlackFideId "1217518"]
[WhiteElo "2904"]
[BlackElo "2643"]
[Result "1-0"]
[Round "07"]
[TimeControl "180+1"]
[Date "2021.09.28"]
[WhiteClock "0:01:20"]
[BlackClock "0:00:10"]

1. d4 Nf6 2. Bf4 g6 3. Nc3 Bg7 4. e4 d6 5. Qd2 Nbd7 6. Nf3 c5 7. Bh6 O-O 8. Bxg7 Kxg7 9. h4 cxd4 10. Nxd4 Nc5 11. f3 a6 12. h5 Nxh5 13. g4 Nf6 14. Qh6+ Kg8 15. Nd5 Ncd7 16. g5 Re8 17. Ne6 fxe6 18. gxf6 Nxf6 19. Nxf6+ Kf7 20. Nxe8 Kxe8 21. Qxh7 Qa5+ 22. c3 Qb6 23. Qxg6+ Kd7 24. Qg2 Qe3+ 25. Qe2 Qg5 26. Qd2 Qg3+ 27. Qf2 Qf4 28. Rh4 Qg5 29. Rg4 Qh6 30. Qd2 Qf6 31. O-O-O b5 32. Bh3 Qxf3 33. Qd3 Qxd3 34. Rxd3 Bb7 35. e5 Rh8 36. exd6 exd6 37. Rg7+ Kc8 38. Bxe6+ Kb8 39. Rxd6 Rh7 40. Rxh7 1-0


[Site "https://www.chess.com"]

[Event "Titled Tuesday Blitz September 28 2021"]
[White "Shkapenko, Pavel"]
[Black "Khusnutdinov, Rustam"]
[WhiteFideId "4151933"]
[BlackFideId "13701703"]
[WhiteElo "2723"]
[BlackElo "2869"]
[Result "0-1"]
[Round "07"]
[TimeControl "180+1"]
[Date "2021.09.28"]
[WhiteClock "0:00:46"]
[BlackClock "0:00:44"]

1. e4 e5 2. Nf3 Nf6 3. Nxe5 d6 4. Nf3 Nxe4 5. d3 Nf6 6. d4 d5 7. Bd3 c5 8. O-O c4 9. Re1+ Be7 10. Bf1 Nc6 11. b3 cxb3 12. axb3 O-O 13. h3 Bf5 14. Ba3 Bxa3 15. Rxa3 Ne4 16. c4 Nb4 17. Nbd2 Nxd2 18. Qxd2 Nc2 19. Re5 Nxa3 20. Rxf5 dxc4 21. bxc4 Qd7 22. Rg5 f6 23. Ra5 Qe7 24. Qb2 Nxc4 25. Bxc4+ Kh8 26. Ra1 Rfd8 27. Re1 Qc7 28. Be6 a5 29. d5 a4 30. Re3 Qc5 31. Rc3 a3 32. Qa1 Qb4 33. Kh2 a2 34. Rc1 Qf4+ 35. Kg1 Qxc1+ 36. Qxc1 a1=Q 37. Qxa1 Rxa1+ 38. Kh2 Rd1 39. Nh4 R1xd5 0-1


[Site "https://www.chess.com"]

[Event "Titled Tuesday Blitz September 28 2021"]
[White "Shtembuliak, Evgeny"]
[Black "Vokhidov, Shamsiddin"]
[WhiteFideId "14113325"]
[BlackFideId "14204223"]
[WhiteElo "2504"]
[BlackElo "2616"]
[Result "0-1"]
[Round "07"]
[TimeControl "180+1"]
[Date "2021.09.28"]
[WhiteClock "0:00:15"]
[BlackClock "0:01:01"]

1. e4 c5 2. Nc3 Nc6 3. Bb5 Nd4 4. Bc4 a6 5. a4 e6 6. Nge2 Nf6 7. O-O d5 8. exd5 exd5 9. Ba2 Bg4 10. f3 Bf5 11. d3 h6 12. Nxd4 cxd4 13. Ne2 Bc5 14. Ng3 Bh7 15. Re1+ Kf8 16. Bf4 Bd6 17. Qd2 Rc8 18. Bb3 Qc7 19. Bxd6+ Qxd6 20. Re2 g5 21. Rae1 Kg7 22. Re5 Rhe8 23. Qe2 Kf8 24. Rxe8+ Rxe8 25. Qf2 Qf4 26. Rxe8+ Kxe8 27. Qe1+ Kd7 28. h3 Qe3+ 29. Qxe3 dxe3 30. d4 h5 31. Kf1 h4 32. Ne2 Kd6 33. Nc3 Nh5 34. Nxd5 Bxc2 35. Bxc2 Kxd5 36. Be4+ Kxd4 37. Bxb7 a5 38. Ke1 Nf4 39. Ba6 Nxg2+ 40. Ke2 Nf4+ 41. Ke1 Nxh3 42. Bb7 Nf4 0-1


[Site "https://www.chess.com"]

[Event "Titled Tuesday Blitz September 28 2021"]
[White "Sieciechowicz, Marcin"]
[Black "Pires, Marcos Vinicius Torsani"]
[WhiteFideId "1130170"]
[BlackFideId "2118939"]
[WhiteElo "2318"]
[BlackElo "2273"]
[Result "1-0"]
[Round "07"]
[TimeControl "180+1"]
[Date "2021.09.28"]
[WhiteClock "0:00:06"]
[BlackClock "0:00:02"]

1. d4 Nf6 2. Bf4 d5 3. e3 e6 4. Nd2 Bd6 5. Bg3 O-O 6. Ngf3 b6 7. Bd3 c5 8. c3 Ba6 9. Bxa6 Nxa6 10. Ne5 Nb8 11. f4 Qc7 12. Qf3 Nc6 13. Bf2 Ne7 14. g4 Nd7 15. g5 Nf5 16. h4 b5 17. h5 b4 18. cxb4 cxd4 19. exd4 Nxe5 20. fxe5 Bxb4 21. Qd3 Qa5 22. a3 Rac8 23. h6 g6 24. Rd1 Bxd2+ 25. Qxd2 Qb5 26. Qe2 Rc4 27. O-O Rfc8 28. Rc1 Qb3 29. Qd2 Qf3 30. Rxc4 dxc4 31. Rc1 Qg4+ 32. Kf1 Qf3 33. Kg1 Qg4+ 34. Kf1 Qh3+ 35. Kg1 Qb3 36. Rc3 Qb7 37. Qc2 Qd5 38. b3 Nxd4 39. Rxc4 Nf3+ 40. Kf1 Rd8 41. Rc8 Nxg5 42. Rxd8+ Qxd8 43. Bxa7 Nf3 44. Bb6 Qe8 45. Qc3 Ng5 46. a4 Ne4 47. Qd4 Ng3+ 48. Kg2 Nf5 49. Qc3 Nxh6 50. a5 Qe7 51. a6 Qg5+ 52. Kf1 Qf4+ 53. Ke1 Ng4 54. a7 Qe4+ 55. Kd1 Qh1+ 56. Kc2 Kg7 57. Qc8 Qe4+ 58. Kb2 Qxe5+ 59. Ka2 Qe2+ 60. Ka3 Ne5 61. a8=Q Qe4 62. Qh8+ Kh6 63. Qxe4 1-0


[Site "https://www.chess.com"]

[Event "Titled Tuesday Blitz September 28 2021"]
[White "Siva Mahadevan"]
[Black "Svane, Rasmus"]
[WhiteFideId "25043153"]
[BlackFideId "4657101"]
[WhiteElo "2829"]
[BlackElo "2902"]
[Result "0-1"]
[Round "07"]
[TimeControl "180+1"]
[Date "2021.09.28"]
[WhiteClock "0:00:11"]
[BlackClock "0:00:05"]

1. e4 c6 2. Nf3 d5 3. Nc3 dxe4 4. Nxe4 Nf6 5. Qe2 Nxe4 6. Qxe4 Qa5 7. Bc4 Bf5 8. Qf4 e6 9. c3 Qd8 10. d4 Bd6 11. Qg5 O-O 12. O-O Nd7 13. Re1 h6 14. Qxd8 Rfxd8 15. a4 a5 16. Bd2 Nb6 17. Bf1 Bc2 18. c4 Be7 19. Rec1 Be4 20. Be3 Bxf3 21. gxf3 Nc8 22. Bg2 Nd6 23. f4 Nf5 24. Rd1 Rd7 25. Bh3 g6 26. d5 cxd5 27. cxd5 Nxe3 28. fxe3 Rxd5 29. Rxd5 exd5 30. Rc1 b6 31. Bg2 Bc5 32. Rc3 Re8 33. Bxd5 Bxe3+ 34. Kg2 Bxf4 35. Rc6 Rd8 36. Bc4 Kg7 37. Rxb6 f5 38. h3 Be5 39. b3 Bc3 40. Rb7+ Kf6 41. Rb6+ Kg5 42. h4+ Kxh4 43. Rxg6 h5 44. Kf3 Rd2 45. Rg1 Bd4 46. Rh1+ Kg5 47. Kg3 h4+ 48. Kf3 Rf2# 0-1


[Site "https://www.chess.com"]